 Dungeon Crawl Stone Soup version 0.22.0-38-g04b72b8 (webtiles) character file.

3499 Inarius the Skirmisher (level 9, -5/65 HPs)
             Began as a Demonspawn Gladiator on Aug 30, 2018.
             Was an Initiate of Hepliaklqana.
             Shot with an arrow by a centaur (6 damage)
             ... on level 7 of the Dungeon.
             The game lasted 00:19:19 (9061 turns).

Inarius the Skirmisher (Demonspawn Gladiator)       Turns: 9061, Time: 00:19:20

Health: -5/65      AC: 14    Str: 17    XL:     9   Next: 80%
Magic:  9/9        EV: 10    Int: 10    God:    Hepliaklqana [......]
Gold:   330        SH:  0    Dex: 17    Spells: 8/8 levels left

rFire    . . .     SeeInvis .   e - +1 short sword (drain)
rCold    . . .     Gourm    .   (no shield)
rNeg     . . .     Faith    .   n - +0 plate armour
rPois    .         Spirit   .   (helmet restricted)
rElec    .         Reflect  .   t - +0 cloak
rCorr    .         Harm     .   (no gloves)
MR       .....                  (no boots)
Stlth    ..........             (no amulet)
HPRegen  0.20/turn              z - +2 ring of dexterity
MPRegen  0.11/turn              (no ring)

@: no status effects
A: reduced essence, antennae 2, sturdy frame 2
a: Recall Ancestor, Ancestor Identity, Renounce Religion


You were on level 7 of the Dungeon.
You worshipped Hepliaklqana.
Hepliaklqana was noncommittal.
You were not hungry.

You visited 2 branches of the dungeon, and saw 8 of its levels.

You collected 386 gold pieces.
You spent 56 gold pieces at shops.

Inventory:

Hand Weapons
 a - a +0 long sword
 b - a +1 whip of freezing
 e - a +1 short sword of draining (weapon)
 w - a +1 trident of freezing
 A - a +3 flail
Missiles
 d - 5 throwing nets (quivered)
Armour
 n - a +0 plate armour (worn)
 t - a +0 cloak (worn)
Jewellery
 z - a +2 ring of dexterity (left hand)
Wands
 l - a wand of random effects (11)
 u - a wand of paralysis (8)
Scrolls
 c - 3 scrolls of enchant weapon
 h - 2 scrolls of fog
 j - 2 scrolls of magic mapping
 m - 3 scrolls of teleportation
 q - a scroll of amnesia {unknown}
 y - a scroll of remove curse
Potions
 g - a potion of agility {unknown}
 i - 2 potions of curing
 k - 3 potions of degeneration {unknown}
 o - 2 potions of ambrosia
 p - a potion of lignification
 r - a potion of heal wounds {unknown}
 s - 2 potions of might
 v - a potion of flight
Comestibles
 f - 13 rations
 x - 15 chunks of flesh


   Skills:
 * Level 7.6 Fighting
 + Level 7.5(7.9) Short Blades
 - Level 3.2(5.8) Long Blades
 - Level 1.7 Throwing
 + Level 6.1 Armour
 + Level 4.9 Dodging
 + Level 1.0 Evocations


You had 8 spell levels left.
You didn't know any spells.
Your spell library contained the following spells:

 Spells                   Type           Power        Failure   Level  Hunger
 Corona                   Hex            #......      98%         1    ##.....
 Ensorcelled Hibernation  Hex/Ice        #.....       99%         2    ###....
 Confuse                  Hex            #.......     100%        3    ####...
 Dazzling Spray           Conj/Hex       #.....       100%        3    ####...
 Tukima's Dance           Hex            #.......     100%        3    ####...


Dungeon Overview and Level Annotations

Branches:
Dungeon (7/15)             Temple (1/1) D:6

Altars:
Elyvilon
Fedhas
Hepliaklqana
Qazlal
Ru
Trog
Uskayaw
Wu Jian
The Shining One

Shops:
D:4 :=?   D:5 ?

Annotations:
D:6 3 runed doors, kalagan's ghost, novice DEFE


Innate Abilities, Weirdness & Mutations

You have a pair of antennae on your head.
Your movements are less encumbered by armour. (ER -4)
Your life essence is reduced to manifest your ancestor. (-10% HP)


Message History

The centaur hits you with an uncursed quarterstaff.
* * * LOW HITPOINT WARNING * * *
Duaenre completely misses the ogre.
Unknown command.
It was a potion of curing.
You feel better.
The centaur hits you with an uncursed quarterstaff.
* * * LOW HITPOINT WARNING * * *
The ogre hits you with a giant spiked club!
* * * LOW HITPOINT WARNING * * *
Duaenre hits the ogre.
Unknown command.
The centaur unwields an uncursed quarterstaff.
The centaur wields an uncursed shortbow.
The centaur shoots an arrow.
The arrow hits you!
* * * LOW HITPOINT WARNING * * *
The ogre hits Duaenre with a giant spiked club!!
Duaenre hits the ogre.
You see here 4 arrows.
The centaur shoots an arrow.
The arrow hits you.
You die...

#......#..#.)R...#
#......#..#..(...#
#..#####..#####..#
#......#..#...R..#
#......#..#......#
#####..#..#..#####
#......#..#..R...#
#(.....#..#......#
#.@#####..#####..#
#(.(.c.#..#......#
#..RO..#).#......#
#####..#))#..#####
#..#).#..#...#
#..#).#..#.8.#
+..#).#..'.(.#
####..########
#..#


You could see the friendly Duaenre the ancestor, an ogre and a centaur.

Vanquished Creatures
  Pikel (D:3)
  A hungry ghost (D:7)
  Eustachio (D:6)
  An ice beast (D:5)
  An orc warrior (D:7)
  3 slaves (D:3)
  4 sky beasts
  A black bear (D:7)
  3 ogres
  Blork the orc (D:6)
  2 bullfrogs
  A scorpion (D:5)
  A howler monkey (D:7)
  3 crimson imps
  A quasit (D:5)
  A hound (D:6)
  A centaur skeleton (D:4)
  A jelly (D:7)
  6 orc wizards
  A bullfrog skeleton (D:4)
  2 iguanas
  A worker ant (D:7)
  Robin (D:4)
  6 adders
  46 gnolls
  A howler monkey skeleton (D:7)
  2 oozes (D:1)
  3 adder skeletons
  2 worms (D:2)
  5 dart slugs
  5 leopard geckos
  19 orcs
  13 bats
  4 giant cockroaches
  17 goblins
  10 hobgoblins
  33 jackals
  5 kobolds
  3 quokkas
  A ball python (D:3)
  6 frilled lizards
  A leopard gecko skeleton (D:5)
  A quokka zombie (D:7)
  6 rats
228 creatures vanquished.

Vanquished Creatures (collateral kills)
  Menkaure (D:6)
  A centaur (D:7)
  A bullfrog (D:7)
  An orc priest (D:7)
  A bullfrog skeleton (D:6)
  An adder (D:6)
  3 orcs (D:7)
  A quokka (D:7)
10 creatures vanquished.

Grand Total: 238 creatures vanquished

Notes
Turn   | Place    | Note
-------+----------+-------------------------------------------
     0 | D:1      | Inarius the Demonspawn Gladiator began the quest for the Orb.
     0 | D:1      | Reached XP level 1. HP: 16/16 MP: 1/1
    30 | D:1      | Gained mutation: Your movements are slightly less encumbered by armour. (ER -2) [demonic ancestry]
    30 | D:1      | Reached XP level 2. HP: 14/22 MP: 2/2
   655 | D:1      | Gained mutation: Your movements are less encumbered by armour. (ER -4) [demonic ancestry]
   655 | D:1      | Reached XP level 3. HP: 25/28 MP: 3/3
  1257 | D:2      | Reached skill level 1 in Armour
  1257 | D:2      | Gained mutation: You have a pair of small antennae on your head. [demonic ancestry]
  1257 | D:2      | Reached XP level 4. HP: 9/34 MP: 4/4
  1679 | D:2      | Reached skill level 1 in Short Blades
  2030 | D:2      | Reached XP level 5. HP: 6/41 MP: 5/5
  2941 | D:3      | Reached XP level 6. HP: 31/47 MP: 6/6
  4193 | D:3      | Gained mutation: You have a pair of antennae on your head. [demonic ancestry]
  4193 | D:3      | Reached XP level 7. HP: 53/53 MP: 7/7
  5536 | D:4      | Found Ulloahee's Jewellery Shoppe.
  5595 | D:4      | Noticed Pikel
  5976 | D:3      | Killed Pikel
  5976 | D:3      | Reached skill level 5 in Fighting
  5976 | D:3      | Reached XP level 8. HP: 37/63 MP: 8/8
  6213 | D:4      | Reached skill level 5 in Short Blades
  6229 | D:4      | Found Zuff's Book Boutique.
  6255 | D:4      | Noticed Robin
  6275 | D:4      | Killed Robin
  6444 | D:4      | Found Owiachaj's Magic Scroll Shop.
  6449 | D:4      | Bought a scroll of identify for 28 gold pieces
  6449 | D:4      | Bought a scroll of identify for 28 gold pieces
  6566 | D:5      | Entered Level 5 of the Dungeon
  6670 | D:5      | Found Biwkoch's Magic Scroll Boutique.
  7576 | D:6      | Reached XP level 9. HP: 65/70 MP: 9/9
  7768 | D:6      | Noticed Blork the orc
  7777 | D:6      | Killed Blork the orc
  7895 | D:6      | Found a staircase to the Ecumenical Temple.
  7919 | Temple   | Entered the Ecumenical Temple
  7982 | Temple   | Became a worshipper of Hepliaklqana the Forgotten
  8020 | D:6      | Noticed Eustachio
  8058 | D:6      | Killed Eustachio
  8058 | D:6      | Reached skill level 5 in Armour
  8136 | D:6      | Found a runed gate.
  8136 | D:6      | Found a runed gate.
  8136 | D:6      | Found a runed gate.
  8229 | D:6      | Noticed kalagan's ghost (novice DEFE)
  8250 | D:6      | Noticed Menkaure
  8259 | D:6      | Killed Menkaure
  8594 | D:7      | Reached skill level 1 in Evocations
  9060 | D:7      | HP: 1/65 [centaur/arrow (7)]
  9061 | D:7      | Shot with an arrow by a centaur

Skill      XL: |  1  2  3  4  5  6  7  8  9 |
---------------+----------------------------+-----
Long Blades    | 3 |  3.2
Dodging        | 3 4 |  4.9
Armour         | 1 2 4 6 |  6.1
Short Blades   | 1 2 3 4 6 7 |  7.5
Fighting       | 3 5 6 7 |  7.6
Evocations     | 1 |  1.0
Throwing       | |  1.7

Action                   |  1- 3 |  4- 6 |  7- 9 || total
-------------------------+-------+-------+-------++-------
Melee: Long sword        |    48 |       |       ||    48
       Short sword       |    87 |   313 |   628 ||  1028
       Flail             |       |       |    12 ||    12
Throw: Throwing net      |       |       |     1 ||     1
Evoke: Wand              |       |     7 |     4 ||    11
  Use: Potion            |     1 |     1 |     2 ||     4
       Scroll            |       |     2 |     8 ||    10
 Stab: Sleeping          |     1 |       |       ||     1
       Paralysed         |       |       |     5 ||     5
       Distracted        |       |       |     2 ||     2
  Eat: Chunk             |     1 |    10 |    13 ||    24
       Ration            |       |       |     1 ||     1
Armor: Leather armour    |    39 |    16 |       ||    55
       Scale mail        |       |    57 |    90 ||   147
       Ring mail         |       |    16 |       ||    16
       Plate armour      |       |       |   151 ||   151
Dodge: Dodged            |   114 |   266 |   277 ||   657
       Rpst.: Long sword |    16 |       |       ||    16
